AoeStats
← [RAT] G0rm

Hill Fort

504601265Analyzed
4v4 RM · 27d ago on Sep 5, 2026· 26m 5s· 8 players
Game mode
Random Map
Map size
Large (8 player)
Population
200
Speed
Normal
Resources
Standard
Victory
Conquest
Starting age
Dark Age
Ending age
Imperial Age
RankedLock teamsTeams togetherTeam positionsShared explorationLock speedFull tech treeHidden civsTurbo modeCheats
Victory
Defeat
🇳🇱 Spanish · Netherlands
1844
+11
🇺🇸 Wei · United States
1639
+19
🇳🇱 Jurchens · Netherlands
1588
+21
🇷🇴 Bulgarians · Romania
1522
+23
🇧🇪 Mapuche · Belgium
1801
-22
🇳🇱 Khmer · Netherlands
1727
-19
🇳🇴 Mongols · Norway
1668
-17
🇩🇪 Dravidians · Germany
1632
-16
[RAT] Spencer
8:48 Feudal Age
9:18 Double-Bit Axe
9:14 Horse Collar
10:54 Gold Mining
13:02 Stone Mining
14:46 Wheelbarrow
15:46 Loom
18:41 Castle Age
17:20 Scale Barding Armor
18:39 Forging
19:47 Bow Saw
19:39 Heavy Plow
20:00 Chain Barding Armor
20:15 Bloodlines
21:03 Husbandry
21:42 Gold Shaft Mining
[RAT] Havik_AoE
10:22 Feudal Age
10:08 Loom
14:38 Castle Age
13:43 Double-Bit Axe
13:38 Horse Collar
20:38 Scale Barding Armor
23:49 Bow Saw
25:00 Chain Barding Armor
24:47 Husbandry
25:56 Forging
[RAT] G0rm
10:57 Feudal Age
15:14 Castle Age
14:46 Double-Bit Axe
20:39 Scale Mail Armor
22:19 Forging
25:35 Chain Mail Armor
[LW] Faneth
10:31 Feudal Age
14:01 Castle Age
13:02 Double-Bit Axe
15:08 Padded Archer Armor
15:23 Bow Saw
17:46 Loom
24:57 Horse Collar
26:11 Town Watch
Rex Caedis
9:21 Loom
11:27 Feudal Age
13:24 Double-Bit Axe
13:53 Fishing Lines
21:13 Castle Age
20:08 Gold Mining
20:09 Stone Mining
20:01 Horse Collar
21:29 Wheelbarrow
22:38 Fletching
24:04 Bow Saw
Loki
10:40 Feudal Age
11:32 Loom
14:18 Castle Age
12:27 Double-Bit Axe
13:09 Horse Collar
19:08 Fishing Lines
25:45 Gold Mining
26:39 Wheelbarrow
Angus McFife
8:11 Feudal Age
9:08 Double-Bit Axe
9:32 Horse Collar
17:04 Wheelbarrow
19:52 Castle Age
21:04 Bow Saw
23:23 Loom
23:53 Hand Cart
23:24 Town Watch
23:38 Fletching
Alakay
10:59 Feudal Age
12:08 Loom
14:51 Castle Age
13:13 Double-Bit Axe
14:01 Horse Collar
15:07 Fletching
17:13 Bow Saw
22:38 Bodkin Arrow
Connection lost

Rejoining the realm…

Still unreachable

The connection could not be restored.

Session expired

The server has moved on; the page needs a fresh start.